Map: Proxima Station LE

Players

Choboninja

  • Race: Terran Terran
  • League: Platinum
  • Spawn Location: 7:00

Pirateskullz - Winner!

  • Race: Terran Terran
  • League: Platinum
  • Spawn Location: 1:00

VOD

Have the link to the VOD?

Description

Time

  • Played on: June 9, 2017, 6:40 p.m.
  • Length: 17:25
Show
View Real Time Build Order
Export as new Build Order

Choboninja Terran 

Build Orders:  

Get SALT Encoding   

  12  0:01  SCV  
  13  0:13  SCV  
  14  0:23  Supply Depot  
  14  0:25  SCV  
  15  0:30  Refinery  
  15  0:46  Barracks  
  15  0:50  SCV  
  16  1:03  SCV  
  17  1:15  SCV  
  18  1:25  Command Center  
  18  1:29  SCV  
  19  1:34  Marine  
  20  1:44  SCV  
  21  1:52  Supply Depot  
  21  1:57  SCV  
  22  2:09  SCV  
  22  2:10  Refinery  
  22  2:13  Marine  
  24  2:22  Orbital Command  
  24  2:31  Marine  
  24  2:37  Factory  
  25  2:39  Orbital Command  
  25  2:52  SCV  
  25  2:55  Marine  
  27  3:04  SCV  
  28  3:06  Factory  
  28  3:12  SCV  
  29  3:13  Marine  
  29  3:16  SCV  
  31  3:22  Factory Tech Lab, Supply Depot  
  31  3:25  SCV  
  32  3:29  SCV  
  32  3:31  Marine  
  34  3:38  Starport  
  34  3:49  Siege Tank  
  34  3:52  Factory Reactor  
  34  3:53  SCV  
  38  3:55  SCV  
  38  3:59  Refinery  
  39  4:06  SCV  
  39  4:08  SCV  
  41  4:13  Refinery  
  41  4:15  Marine  
  42  4:18  SCV  
  42  4:21  Siege Tank  
  42  4:24  Starport Reactor  
  46  4:28  Widow Mine x2  
  50  4:33  Marine  
  50  4:35  SCV x2  
  53  4:44  Command Center  
  53  4:48  SCV  
  54  4:56  Liberator  
  54  4:59  Supply Depot  
  54  5:03  SCV  
  55  5:09  SCV  
  59  5:14  Viking  
  59  5:15  SCV  
  59  5:20  Siege Tank  
  59  5:21  Widow Mine x2  
  65  5:22  Supply Depot  
  65  5:25  Marine  
  70  5:35  Liberator  
  70  5:37  Engineering Bay  
  70  5:43  Marine  
  70  5:44  SCV x2  
  70  5:45  Supply Depot  
  76  6:08  Supply Depot  
  76  6:31  Siege Tank  
  76  6:32  Cyclone x2  
  70  6:40  Planetary Fortress  
  66  6:52  Marine  
  61  7:03  Siege Tank  
  61  7:10  Marine  
  56  7:28  Marine  
  25  8:28  Cyclone  
  31  8:47  Marine  
  29  8:52  Siege Tank  
  29  9:04  Marine  
  30  9:12  SCV  
  28  9:22  Marine  
  28  9:24  SCV  
  29  9:36  SCV  
  30  9:40  Marine  
  31  9:47  SCV  
  31  9:48  SCV  
  33  9:58  Siege Tank  
  33  9:59  SCV  
  37  10:00  SCV  
  37  10:03  Marine  
  39  10:11  SCV  
  39  10:13  SCV  
  41  10:21  Marine  
  41  10:23  SCV  
  41  10:25  SCV  
  44  10:29  Barracks  
  43  10:35  SCV  
  43  10:37  SCV  
  43  10:39  Marine  
  38  10:49  SCV  
  39  11:01  SCV  
  40  11:06  Barracks Reactor  
  40  11:13  Command Center, SCV  
  40  11:16  Siege Tank  
  44  11:18  Barracks Reactor  
  44  11:22  Terran Infantry Weapons Level 1  
  44  11:25  SCV  
  44  11:58  Missile Turret  
  44  12:01  Marine  
  44  12:02  Marine  
  44  12:05  Marine x2  
  48  12:18  Missile Turret  
  48  12:19  Marine x2  
  50  12:22  Marine  
  50  12:23  Marine  
  50  12:24  Refinery  
  50  12:25  Refinery  
  52  12:32  Orbital Command  
  52  12:37  Marine x2  
  52  12:40  Marine x2  
  52  12:41  Missile Turret  
  56  12:58  Marine x2  
  58  13:03  Siege Tank  
  17  13:55  Barracks  
  17  13:58  Barracks  
  17  14:28  Command Center  
  13  14:39  Supply Depot  
  13  14:44  Supply Depot  
  13  14:51  Barracks Reactor  
  13  14:54  Barracks Reactor  
  13  15:04  Supply Depot  
  13  15:08  Barracks  
  13  15:09  SCV  
  14  15:21  SCV  
  15  15:31  Marine x2  
  15  15:32  Marine  
  15  15:33  Marine  
  15  15:34  SCV  
  20  15:40  SCV  
  21  15:46  SCV  
  21  15:49  Marine x2  
  24  15:50  Marine x2  
  24  15:52  SCV  
  24  15:55  Barracks Tech Lab  
  27  16:01  Engineering Bay  
  27  16:07  Marine x2  
  27  16:08  Marine x2  
  31  16:16  Marine  
  31  16:24  Marine  
  31  16:25  Marine  
  33  16:26  Marine x2  
  35  16:34  Marine  
  35  16:38  Factory  
  36  16:42  Marine x2  
  36  16:44  Marine x2  
  40  16:52  Marine  
  41  17:00  Marine x2  
  40  17:01  Marine  
  40  17:02  Marine  
Show
View Real Time Build Order
Export as new Build Order

Pirateskullz Terran - Winner!

Build Orders: MMM Bio 

Get SALT Encoding   

  12  0:00  SCV  
  13  0:12  SCV  
  14  0:22  Supply Depot  
  14  0:25  SCV  
  15  0:44  SCV  
  15  0:45  Barracks  
  16  0:50  Refinery  
  16  0:58  SCV  
  16  0:59  Supply Depot  
  17  1:10  SCV  
  18  1:22  SCV  
  19  1:37  Orbital Command  
  19  1:40  Barracks Reactor  
  19  1:46  Bunker  
  19  1:54  Barracks  
  19  1:58  Refinery  
  19  2:12  SCV  
  19  2:22  Marine x2  
  21  2:25  SCV  
  21  2:28  Factory  
  22  2:46  Barracks Tech Lab  
  22  2:47  Marine x2  
  24  3:01  Command Center  
  24  3:02  SCV  
  25  3:06  Marine  
  26  3:16  Factory Reactor  
  26  3:19  Starport  
  26  3:27  Engineering Bay  
  26  3:30  SCV  
  27  3:40  Engineering Bay  
  27  3:43  SCV  
  28  3:51  Supply Depot  
  28  3:55  SCV  
  29  4:00  Marine  
  29  4:01  Marine  
  31  4:05  Factory Tech Lab  
  31  4:12  Missile Turret  
  31  4:16  Orbital Command  
  31  4:20  SCV  
  32  4:28  Medivac  
  34  4:33  SCV  
  34  4:36  Medivac  
  37  4:39  Marine  
  37  4:42  Marine  
  37  4:44  Marine  
  41  4:45  SCV  
  41  4:49  Stimpack  
  41  4:51  SCV  
  42  5:01  Marine x2  
  42  5:06  Missile Turret  
  44  5:09  SCV x2  
  44  5:12  Terran Infantry Weapons Level 1  
  46  5:16  Terran Infantry Armor Level 1  
  46  5:21  SCV x2  
  48  5:24  Marine x2  
  48  5:25  Marauder  
  52  5:39  Supply Depot  
  52  5:40  SCV x2  
  54  5:43  Supply Depot  
  54  6:00  Siege Tank, SCV x2  
  54  6:01  Medivac  
  61  6:04  Medivac  
  61  6:05  Supply Depot  
  63  6:13  Missile Turret  
  63  6:21  Marine x2  
  63  6:22  Marine  
  43  7:27  Marine x2  
  43  7:28  Marine  
  43  7:29  Viking x2  
  44  7:45  Marine  
  42  7:59  Viking  
  44  8:10  Orbital Command  
  38  8:29  Marine x2  
  38  8:30  Marauder  
  39  8:52  SCV x2  
  41  9:04  SCV x2  
  42  9:20  Marine x2  
  42  9:21  Marauder  
  46  9:26  SCV  
  46  9:27  SCV  
  43  9:38  SCV  
  43  9:44  Marine  
  43  9:45  Marauder, Marine  
  48  9:47  Viking x2  
  53  9:52  SCV  
  53  9:53  SCV  
  57  10:00  Siege Tank  
  57  10:04  Marine  
  57  10:05  SCV x2  
  62  10:07  Marauder  
  62  10:09  Starport  
  62  10:11  Combat Shields  
  62  10:17  SCV x2, Viking x2  
  68  10:28  Missile Turret  
  68  10:29  Missile Turret, SCV x2  
  55  10:46  Marine x3  
  58  10:53  Starport Reactor  
  58  11:04  Command Center, SCV x2  
  60  11:05  Marauder  
  60  11:10  Marine  
  60  11:11  Marine  
  64  11:12  Viking x2, Refinery  
  64  11:13  Refinery  
  64  11:16  SCV x2  
  70  11:22  Armory  
  70  11:37  Marine x2  
  70  11:38  Marauder  
  74  11:40  Supply Depot  
  74  11:41  Supply Depot  
  74  11:44  SCV  
  74  11:45  SCV  
  73  11:57  SCV  
  73  11:59  Marauder  
  76  12:08  Liberator  
  72  12:19  Marine  
  72  12:20  Marine  
  72  12:21  Marauder  
  79  12:32  SCV x2  
  59  14:11  Marauder, Marine x2  
  59  14:12  Medivac x4  
  68  14:23  Siege Tank  
  71  14:28  Marine x2  
  71  14:29  SCV x2  
  71  14:30  Factory  
  75  14:31  Factory  
  75  14:34  Barracks  
  75  14:35  Barracks  
  75  14:36  Barracks  
  75  14:37  Barracks  
  75  14:38  Terran Infantry Armor Level 2, Barracks, Terran Infantry Weapons Level 2  
  75  14:52  Marine x2  
  77  15:06  Liberator  
  77  15:12  SCV  
  77  15:13  SCV  
  79  15:18  Marine x2  
  79  15:19  Marauder  
  79  15:21  Factory Reactor  
  83  15:26  Command Center  
  86  15:30  Marine x5  
  91  15:36  Marine x2  
  91  15:40  Marine  
  94  16:07  Supply Depot  
  94  16:08  Supply Depot x2  
  94  16:11  Supply Depot  
  94  16:14  Marine x5  
  94  16:15  Liberator  
  94  16:16  Liberator  
  99  16:30  Siege Tank  
Tags
 
Composition
MMM Bio
Matchup
TvT
Race
Terran
Spawn Locations
Cross Positions
Add a new tag
Caveats
  • Supply blocks, unpowered buildings, or Contaminate may cause inaccurate times.
  • Supply counts are checked every 10 seconds.